 Dungeon Crawl Stone Soup version 0.27.1-3-gb3d3a73c9e (webtiles) character file.

Game seed: 1413692009805578979

54 Descartes the Firebug (level 3, -5/19 HPs)
             Began as a Deep Elf Fire Elementalist on Oct 28, 2021.
             Killed from afar by Sigmund (10 damage)
             ... with a puff of flame
             ... on level 2 of the Dungeon.
             The game lasted 00:02:48 (1696 turns).

Descartes the Firebug (Deep Elf Fire Elementalist)  Turns: 1696, Time: 00:02:49

Health: -5/19      AC:  2    Str:  5    XL:     3   Next: 66%
Magic:  10/10      EV: 12    Int: 20    God:
Gold:   57         SH:  0    Dex: 15    Spells: 9/10 levels left

rFire    . . .     SeeInvis .   (no weapon)
rCold    . . .     Faith    .   (no shield)
rNeg     . . .     Spirit   .   a - +0 robe
rPois    .         Reflect  .   (no helmet)
rElec    .         Harm     .   (no cloak)
rCorr    .         Rampage  .   (no gloves)
Will     .....                  (no boots)
Stlth    +.........             (no amulet)
HPRegen  0.06/turn              (no ring)
MPRegen  0.12/turn              (no ring)

@: confused
A: no striking features
a: no special abilities


You were on level 2 of the Dungeon.
You visited 1 branch of the dungeon, and saw 2 of its levels.

You collected 57 gold pieces.

Inventory:

Missiles
 c - 3 stones
 i - 7 poisoned darts
Armour
 a - a +0 robe (worn)
Scrolls
 g - a scroll of magic mapping {unknown}
Potions
 b - 2 potions of brilliance {unknown}
 d - 3 potions of haste {unknown}
 e - 4 potions of attraction {unknown}
 f - a potion of heal wounds {unknown}
 h - a potion of flight {unknown}


   Skills:
 + Level 2.5 Dodging
 + Level 2.9 Stealth
 + Level 4.0 Spellcasting
 + Level 1.7 Conjurations
 + Level 4.1 Fire Magic


You had 9 spell levels left.
You knew the following spells:

 Your Spells              Type           Power      Damage    Failure   Level
a - Foxfire               Conj/Fire      60%        2x1d7     3%          1

Your spell library contained the following spells:

 Spells                   Type           Power      Damage    Failure   Level
 Conjure Flame            Conj/Fire      15%        6-21      12%         3
 Inner Flame              Hex/Fire       12%        N/A       17%         3
 Ozocubu's Armour         Ice            4%         N/A       36%         3
 Sticky Flame             Conj/Fire      15%        2d4       36%         4
 Fireball                 Conj/Fire      7%         3d5       71%         5
 Metabolic Englaciation   Hex/Ice        2%         N/A       98%         5
 Simulacrum               Ice/Necr       2%         N/A       100%        6


Dungeon Overview and Level Annotations

Branches:
Dungeon (2/15)

Altars:

Annotations:
D:2 Sigmund


Message History

You kill the endoplasm!
Unknown command.
Unknown command.
Casting: Foxfire (safe; 3% risk of failure)
Confirm with . or Enter, or press ? or * to list all spells.
You conjure some foxfire!
Your foxfire dissipates!
Your foxfire dissipates!
Your foxfire dissipates! x3
e - 4 golden potions (gained 2)
A frilled lizard and Sigmund come into view.
Sigmund shouts!
There are monsters nearby!
Casting: Foxfire (safe; 3% risk of failure)
Confirm with . or Enter, or press ? or * to list all spells.
You conjure some foxfire!
The frilled lizard hisses angrily.
Sigmund screams, "I am the angel of ZOT!!!"
Your foxfire dissipates!
The foxfire hits the frilled lizard.
You kill the frilled lizard!
Sigmund mumbles some strange words.
Sigmund flickers and vanishes!
Deactivating autopickup; reactivate with Ctrl-A.
You are confused.
You see here a rat corpse.
You're too confused to cast spells.
You're too confused to cast spells.
Unknown command.
You hear some strange, mumbled words.
You are more confused.
Something hits you!
Ouch! That really hurt!
Something hits you.
* * * LOW HITPOINT WARNING * * *
You hear some strange, mumbled words.
A puff of flame appears from out of thin air!
The puff of flame hits you!
Ouch! That really hurt!
You die...

#.#.###..##..#
#....#...# ##
......#...#.# .
..####.##.##.# .. #
#.##.# .# ...
#.#####.##.##.# ....
#.............#
..†..########.{.....####
.........####...@...#
########.......†....#
#########.......#
..................#
########........###
#.######## #.# #.# #.#


There were no monsters in sight!

Vanquished Creatures
  An adder (D:2)
  A dart slug (D:2)
  4 ball pythons
  2 bats (D:1)
  5 endoplasms
  2 giant cockroaches
  A goblin (D:1)
  3 hobgoblins (D:1)
  3 jackals (D:2)
  A quokka (D:1)
  3 frilled lizards
  8 kobolds
  5 rats
39 creatures vanquished.

Vanquished Creatures (others)
  149 foxfires
  7 toadstools (D:2)
156 creatures vanquished.

Grand Total: 195 creatures vanquished

Notes
Turn   | Place    | Note
-------+----------+-------------------------------------------
     0 | D:1      | Descartes the Deep Elf Fire Elementalist began the quest
                  | for the Orb.
     0 | D:1      | Reached XP level 1. HP: 10/10 MP: 6/6
   239 | D:1      | Reached XP level 2. HP: 15/15 MP: 4/8
  1061 | D:2      | Reached XP level 3. HP: 19/19 MP: 8/10
  1680 | D:2      | Noticed Sigmund
  1696 | D:2      | Killed from afar by Sigmund

Illustrated notes

Levels and vault maps discovered:
D:1:      saegor_arrival_simple_d, layout_basic
D:2:      cheibrodos_fertilizer, layout_loops_ring,
          shapermc_ecumenical_altar_mp_vishouse, eino_tiny_chamber,
          grunt_ministairs_7, uniq_sigmund

Skill      XL: |  1  2  3 |
---------------+----------+-----
Fire Magic     | 4 |  4.1
Spellcasting   | 4 |  4.0
Dodging        | |  2.5
Stealth        | |  2.9
Conjurations   | |  1.7

Action                   || total
-------------------------++-------
 Cast: Foxfire           ||   101
Armor: Robe              ||     1
Dodge: Dodged            ||     3
